 Dungeon Crawl Stone Soup version 0.23.2-1-ga50397a6bc (webtiles) character file.

Game seed: 5614424907108792944

167 Revguard the Slasher (level 5, -1/41 HPs)
             Began as a Demonspawn Monk on Apr 12, 2019.
             Slain by a gnoll
             ... wielding a +0 halberd
              (13 damage)
             ... on level 4 of the Dungeon on Apr 15, 2019.
             The game lasted 00:08:48 (2499 turns).

Revguard the Slasher (Demonspawn Monk)              Turns: 2499, Time: 00:08:49

Health: -1/41      AC:  8    Str: 12    XL:     5   Next: 23%
Magic:  5/5        EV: 12    Int: 11    God:
Gold:   91         SH:  0    Dex: 16    Spells: 4/4 levels left

rFire    . . .     SeeInvis .   a - +0 falchion
rCold    . . .     Gourm    .   (no shield)
rNeg     . . .     Faith    .   o - +0 ring mail
rPois    .         Spirit   .   (helmet restricted)
rElec    .         Reflect  .   (no cloak)
rCorr    .         Harm     +   (no gloves)
MR       .....                  (no boots)
Stlth    +.........             h - amulet of harm
HPRegen  0.13/turn              (no ring)
MPRegen  0.09/turn              (no ring)

@: no status effects
A: horns 1, slimy green scales 2
a: no special abilities


You were on level 4 of the Dungeon.
You were not hungry.

You visited 1 branch of the dungeon, and saw 4 of its levels.

You collected 91 gold pieces.

Inventory:

Hand Weapons
 a - a +0 falchion (weapon)
Missiles
 r - 5 silver tomahawks (quivered)
Armour
 o - a +0 ring mail (worn)
Jewellery
 h - an amulet of harm (around neck)
Scrolls
 b - a scroll of teleportation {unknown}
 d - 2 scrolls of identify {unknown}
 e - 4 scrolls of amnesia {unknown}
 f - 2 scrolls of blinking {unknown}
 g - 4 scrolls of remove curse {unknown}
 j - a scroll of enchant armour {unknown}
 k - 2 scrolls of immolation {unknown}
 m - a scroll of enchant weapon {unknown}
 n - a scroll of fear {unknown}
 p - a scroll of fog {unknown}
Potions
 i - a potion of haste
 l - a potion of brilliance
 q - a potion of heal wounds
Comestibles
 c - 3 rations


   Skills:
 + Level 3.6 Fighting
 + Level 4.1 Long Blades
 + Level 1.6 Armour
 + Level 3.4 Dodging
 - Level 1.7 Stealth


You had 4 spell levels left.
You didn't know any spells.
Your spell library was empty.

Dungeon Overview and Level Annotations

Branches:
Dungeon (4/15)
 Temple: D:4-7

Altars:
Dithmenos
Elyvilon
Fedhas
Gozag
Kikubaaqudgha
Qazlal
Sif Muna
Trog


Innate Abilities, Weirdness & Mutations

You have a pair of small horns on your head.
You are mostly covered in slimy green scales. (AC +3)


Message History

You hit the gnoll but do no damage. You headbutt the gnoll.
The gnoll is heavily wounded.
The gnoll closely misses you.
You riposte.
You hit the gnoll. You headbutt the gnoll.
You kill the gnoll!
The gnoll barely misses you. The worm closely misses you.
The gnoll barely misses you.
You riposte.
You barely miss the gnoll. The worm bites you but does no damage.
Found a scroll labeled GOAPLE CISI.
Things that are here:
a +0 halberd; a gnoll corpse You barely miss the gnoll.
You headbutt the gnoll.
The gnoll is moderately wounded.
The gnoll hits you with a +0 halberd!
You hit the gnoll but do no damage.
The gnoll is moderately wounded.
The worm bites you!
* * * LOW HITPOINT WARNING * * *
The gnoll hits you with a +0 halberd!
You die...

# .# #.# #
... .. #.
#.#
....#.##g#
.......@##
..?.###.w##
. ##.#.#.##
#.<.....#
#..#..#.#
#..#.!# #
#... .#
#.## .# #.
#


You could see a worm and a gnoll.

Vanquished Creatures
  A bullfrog skeleton (D:3)
  2 gnolls (D:4)
  4 adders
  2 oozes
  2 worms (D:3)
  3 dart slugs
  2 orcs (D:3)
  A ball python (D:2)
  4 giant cockroaches
  7 goblins
  7 hobgoblins
  2 jackals (D:3)
  8 kobolds
  A quokka (D:2)
  7 bats
  4 frilled lizards
  7 rats
64 creatures vanquished.

Notes
Turn   | Place    | Note
-------+----------+-------------------------------------------
     0 | D:1      | Revguard the Demonspawn Monk began the quest for the Orb.
     0 | D:1      | Reached XP level 1. HP: 18/18 MP: 1/1
   171 | D:1      | Gained mutation: You are partially covered in slimy green
                  | scales. (AC +2) [demonic ancestry]
   171 | D:1      | Reached XP level 2. HP: 17/24 MP: 2/2
   439 | D:1      | Reached skill level 3 in Long Blades
   834 | D:1      | Gained mutation: You have a pair of small horns on your
                  | head. [demonic ancestry]
   834 | D:1      | Reached XP level 3. HP: 26/29 MP: 3/3
   879 | D:1      | Reached skill level 1 in Armour
  1050 | D:2      | Found a white marble altar of Elyvilon.
  1389 | D:2      | Found a blossoming altar of Fedhas.
  1417 | D:2      | Found a stormy altar of Qazlal.
  1552 | D:2      | Found a deep blue altar of Sif Muna.
  1586 | D:2      | Found a shadowy altar of Dithmenos.
  1589 | D:2      | Reached XP level 4. HP: 35/35 MP: 4/4
  1905 | D:3      | Found a bloodstained altar of Trog.
  1952 | D:3      | Found an ancient bone altar of Kikubaaqudgha.
  1958 | D:3      | Upgraded the game from 0.23.2 to 0.23.2-1-ga50397a6bc
  2010 | D:3      | Found an opulent altar of Gozag.
  2299 | D:3      | Reached skill level 4 in Long Blades
  2299 | D:3      | Gained mutation: You are mostly covered in slimy green
                  | scales. (AC +3) [demonic ancestry]
  2299 | D:3      | Reached XP level 5. HP: 38/41 MP: 5/5
  2306 | D:3      | Noticed a centaur
  2306 | D:3      | Noticed a centaur
  2499 | D:4      | Slain by a gnoll

Skill      XL: |  1  2  3  4 |
---------------+-------------+-----
Long Blades    | 3 4 |  4.1
Dodging        | 3 |  3.4
Armour         | 1 |  1.6
Fighting       | |  3.6
Stealth        | |  1.7

Action                   |  1- 3 |  4- 6 || total
-------------------------+-------+-------++-------
Melee: Falchion          |   109 |    80 ||   189
       Headbutt          |    14 |    17 ||    31
  Use: Potion            |     2 |     2 ||     4
 Stab: Sleeping          |     7 |     2 ||     9
  Eat: Chunk             |     2 |     3 ||     5
Armor: Robe              |    24 |     3 ||    27
       Ring mail         |       |    30 ||    30
Dodge: Dodged            |    94 |    55 ||   149
       Rpst.: Falchion   |    29 |    16 ||    45
